 Dungeon Crawl Stone Soup version 0.29-a0-384-g6960b1960d (webtiles) character file.

Game seed: 9344277625942415882

1976 happo123 the Caller (level 9, -6/42 HPs)
             Began as a Vine Stalker Summoner on May 7, 2022.
             Was an Initiate of Gozag.
             Mangled by a gnoll sergeant
             ... wielding a +0 spear
              (9 damage)
             ... on level 6 of the Dungeon.
             The game lasted 00:44:13 (5765 turns).

happo123 the Caller (Vine Stalker Summoner)         Turns: 5765, Time: 00:44:14

Health: -6/42      AC: 11    Str: 11    XL:     9   Next: 20%
Magic:  0/27       EV: 13    Int: 19    God:    Gozag
Gold:   552        SH:  0    Dex: 15    Spells: 10/19 levels left

rFire   + . .      SeeInvis .   h - +2 short sword (vamp)
rCold   . . .      Faith    .   (no shield)
rNeg    + . .      Spirit   +   s - +0 leather armour
rPois   .          Reflect  .   n - +1 helmet
rElec   .          Harm     .   C - +0 cloak
rCorr   .          Rampage  .   D - +0 pair of gloves
Will    +....                   (no boots)
Stlth   +++.......              (no amulet)
HPRegen 0.94/turn               f - +4 ring of protection
MPRegen 0.20/turn               p - ring of Liberty {rF+ rN+ MP+9}

@: no status effects
A: fangs 3, regeneration 1, magic shield, antimagic bite, no potion heal 2
a: Renounce Religion, Potion Petition, Call Merchant, Bribe Branch


You were on level 6 of the Dungeon.
You worshipped Gozag.
Gozag was pleased with you.
You visited 2 branches of the dungeon, and saw 7 of its levels.

You collected 603 gold pieces.
You paid 51 gold pieces to Gozag.

Inventory:

Hand Weapons
 h - a +2 vampiric short sword (weapon)
 k - the +4 spear "Lidonep" {pain, Fragile +Blink rElec rN++}
   (You found it on level 2 of the Dungeon)

   In the hands of one skilled in necromantic magic, it inflicts extra damage on
   living creatures.
   rElec:     It insulates you from electricity.
   rN:        It greatly protects you from negative energy.
   +Blink:    It lets you blink.
   Fragile:   It will be destroyed if unequipped.
 y - the +12 war axe "Simm" {antimagic, Fragile rF- rCorr Dex+8}
   (You found it on level 5 of the Dungeon)

   It reduces the magical energy of the wielder, and disrupts the spells and
   magical abilities of those it strikes.
   Natural abilities and divine invocations are not affected.
   Dex:       It affects your dexterity (+8).
   rF:        It makes you vulnerable to fire.
   rCorr:     It protects you from acid and corrosion.
   Fragile:   It will be destroyed if unequipped.
 F - a +0 shortbow
Armour
 a - a +0 robe
 n - a +1 helmet (worn)
 s - a +0 leather armour (worn)
 C - a +0 cloak (worn)
 D - a +0 pair of gloves (worn)
Jewellery
 e - a ring of poison resistance
 f - a +4 ring of protection (left hand)
 p - the ring of Liberty (right hand) {rF+ rN+ MP+9}
   (You found it on level 3 of the Dungeon)

   [ring of protection from fire]

   rF:        It protects you from fire.
   rN:        It protects you from negative energy.
   MP:        It affects your magic capacity (+9).
 t - a ring of fire
Wands
 x - a wand of iceblast (6)
Scrolls
 c - 2 scrolls of enchant weapon {unknown}
 g - 2 scrolls of immolation
 l - 2 scrolls of vulnerability {unknown}
 o - 2 scrolls of noise {unknown}
 r - a scroll of summoning {unknown}
 u - 3 scrolls of identify {unknown}
 v - a scroll of silence {unknown}
 w - a scroll of enchant armour {unknown}
 E - a scroll of torment {unknown}
 G - a scroll of poison {unknown}
 H - a scroll of teleportation {unknown}
Potions
 b - a potion of magic
 d - 2 potions of attraction {unknown}
 i - 4 potions of lignification {unknown}
 j - 3 potions of brilliance {unknown}
 m - 2 potions of curing {unknown}
 q - a potion of might {unknown}
 z - 2 potions of mutation {unknown}
 A - a potion of berserk rage {unknown}
 B - a potion of ambrosia {unknown}


   Skills:
 + Level 1.7 Fighting
 + Level 5.0 Short Blades
 + Level 2.5 Armour
 + Level 4.0 Dodging
 + Level 4.4 Stealth
 + Level 0.4 Unarmed Combat
 + Level 5.7 Spellcasting
 + Level 1.1 Hexes
 + Level 6.6 Summonings


You had 10 spell levels left.
You knew the following spells:

 Your Spells              Type           Power      Damage    Failure   Level
a - Summon Small Mammal   Summ           100%       N/A       1%          1
b - Call Imp              Summ           30%        N/A       1%          2
c - Call Canine Familiar  Summ           30%        N/A       3%          3
d - Summon Guardian Gole  Hex/Summ       20%        N/A       10%         3

Your spell library contained the following spells:

 Spells                   Type           Power      Damage    Failure   Level
 Magic Dart               Conj           20%        1d4       16%         1
 Searing Ray              Conj           10%        2d4       22%         2
 Summon Lightning Spire   Summ/Air       18%        N/A       36%         4
 Fulminant Prism          Conj/Hex       3%         3d6       77%         4


Dungeon Overview and Level Annotations

Branches:
Dungeon (6/15)             Temple (1/1) D:4

Altars:
Ashenzari
Cheibriados
Dithmenos
Elyvilon
Fedhas
Gozag
Hepliaklqana
Kikubaaqudgha
Makhleb
Nemelex Xobeh
Okawaru
Qazlal
Ru
Sif Muna
Trog
Uskayaw
Vehumet
Yredelemnul
Zin
The Shining One

Shops:
D:1 (


Innate Abilities, Weirdness & Mutations

You have razor-sharp teeth.
Your natural rate of healing is unusually fast.
When hurt, damage is shared between your health and your magic reserves.
Your bite disrupts and absorbs the magic of your enemies.
Potions cannot restore your health.


Message History

You closely miss the gnoll sergeant. Your bite misses the gnoll sergeant.
The gnoll sergeant is lightly wounded.
Your quokka bites the gnoll sergeant.
The adder is distracted by your dazzling golden aura.
You closely miss the gnoll sergeant.
The adder hisses angrily.
Your bite misses the gnoll sergeant.
The gnoll sergeant is moderately wounded.
The gnoll sergeant closely misses you.
Your quokka bites the gnoll sergeant but does no damage.
You hit the gnoll sergeant but do no damage.
You bite the gnoll sergeant, but do no damage.
The gnoll sergeant is moderately wounded.
The gnoll sergeant closely misses you.
Your quokka barely misses the gnoll sergeant.
You hit the gnoll sergeant but do no damage.
Your bite misses the gnoll sergeant.
The gnoll sergeant is moderately wounded.
Your quokka bites the gnoll sergeant but does no damage.
The gnoll sergeant completely misses you.
You hit the gnoll sergeant. Your bite misses the gnoll sergeant.
The gnoll sergeant is moderately wounded.
The adder is no longer distracted by gold.
Your quokka bites the gnoll sergeant but does no damage.
The gnoll sergeant hits you but does no damage.
You barely miss the gnoll sergeant.
You bite the gnoll sergeant, but do no damage.
The gnoll sergeant is moderately wounded.
Your quokka bites the gnoll sergeant but does no damage.
The gnoll sergeant hits you with a +0 spear.
* * * LOW HITPOINT WARNING * * *
You hit the gnoll sergeant but do no damage.
Your bite misses the gnoll sergeant.
The gnoll sergeant is moderately wounded.
Your quokka barely misses the gnoll sergeant.
You hit the gnoll sergeant but do no damage.
The gnoll sergeant is moderately wounded.
The gnoll sergeant hits you with a +0 spear!
You die...
Your body crumbles into a pile of gold.

##..## ###.......####.
#...# ###...### #..##
#..## ##..# ##..# #..##
##...## #..# ##.....## .
...# ##.......### ##..
...#
##.......rg.#####.....
...#
##.....###.@S...$)$.....
#..##.....#.
#...$..)$$.....
#......§.§..
#..#####.......
##...§≈≈§≈§ #..# ###....
#...≈≈≈≈§ #..# #..
##...≈≈8.≈ #..# .
.#...≈≈>_≈ #..#
.....≈≈≈≈≈ ##..## ####
.....≈≈≈≈≈≈
#....####....


You could see a gnoll sergeant (ally target), an adder and a friendly quokka
(summoned).

Vanquished Creatures
  A steam dragon (D:6)
  Edmund (D:6)
  2 ice beasts (D:6)
  2 ogres
  A centaur (D:5)
  A kobold brigand (D:6)
  2 scorpions
  A necrophage (D:6)
  2 wights (D:6)
  A jelly (D:6)
  A hound (D:6)
  An orc priest (D:5)
  An iguana (D:5)
  2 orc wizards (D:5)
  6 gnolls
  3 adders
  An ufetubus (D:4)
  2 dart slugs (D:2)
  10 orcs
  5 ball pythons
  3 hobgoblins
  A jackal (D:2)
  6 bats
  5 frilled lizards
  2 goblins
  3 kobolds
  4 rats
70 creatures vanquished.

Vanquished Creatures (collateral kills)
  An ice beast (D:5)
  A black bear (D:4)
  3 wights (D:6)
  A crimson imp (D:5)
  An iguana (D:5)
  2 orc wizards
  5 gnolls
  An adder (D:2)
  A white imp (D:5)
  An ufetubus (D:4)
  A dart slug (D:2)
  7 orcs
  2 bats (D:1)
  2 endoplasms (D:1)
  2 goblins
  A hobgoblin (D:4)
  5 jackals (D:2)
  A quokka (D:1)
  2 kobolds (D:6)
  2 rats (D:1)
42 creatures vanquished.

Vanquished Creatures (others)
  Menkaure (D:6)
  A gnoll shaman (D:6)
  2 gnolls (D:6)
  19 plants
23 creatures vanquished.

Grand Total: 135 creatures vanquished

Notes
Turn   | Place    | Note
-------+----------+-------------------------------------------
     0 | D:1      | happo123 the Vine Stalker Summoner began the quest for the
                  | Orb.
     0 | D:1      | Reached XP level 1. HP: 9/9 MP: 4/4
   115 | D:1      | Found Ricuafu's Antique Weapon Shoppe.
   153 | D:1      | Found a faded altar of an unknown god.
   275 | D:1      | Reached XP level 2. HP: 13/13 MP: 4/6
   365 | D:1      | Learned a level 2 spell: Call Imp
   786 | D:2      | Reached XP level 3. HP: 16/16 MP: 4/7
   895 | D:2      | Identified the +4 spear "Lidonep" {pain, Fragile +Blink
                  | rElec rN++}
  1657 | D:2      | Gained mutation: Your natural rate of healing is unusually
                  | fast. [Vine Stalker growth]
  1657 | D:2      | Reached XP level 4. HP: 21/21 MP: 9/9
  1815 | D:3      | Reached skill level 1 in Short Blades
  1920 | D:3      | Found a snail-covered altar of Cheibriados.
  1944 | D:3      | Identified the ring of Liberty {rF+ rN+ MP+9}
  1952 | D:3      | Learned a level 3 spell: Call Canine Familiar
  1956 | D:3      | Learned a level 3 spell: Summon Guardian Golem
  2287 | D:3      | Reached XP level 5. HP: 23/24 MP: 10/10
  3069 | D:4      | Reached skill level 5 in Summonings
  3137 | D:4      | Found a staircase to the Ecumenical Temple.
  3177 | Temple   | Entered the Ecumenical Temple
  3547 | Temple   | Became a worshipper of Gozag Ym Sagoz the Greedy
  3829 | D:4      | Noticed a black bear
  3839 | D:4      | Killed a black bear
  3840 | D:4      | Reached XP level 6. HP: 29/29 MP: 12/12
  3867 | D:4      | Found a sacrificial altar of Ru.
  3943 | D:5      | Entered Level 5 of the Dungeon
  3992 | D:5      | Identified the +12 war axe "Simm" {antimagic, Fragile rF-
                  | rCorr Dex+8}
  4091 | D:5      | Reached skill level 1 in Armour
  4147 | D:5      | Found a shadowy altar of Dithmenos.
  4209 | D:5      | Reached XP level 7. HP: 32/32 MP: 11/13
  4596 | D:5      | Reached skill level 1 in Fighting
  4754 | D:5      | Found a blossoming altar of Fedhas.
  4888 | D:5      | Found a bloodstained altar of Trog.
  4891 | D:5      | Found a white marble altar of Elyvilon.
  4980 | D:6      | Gained mutation: You have razor-sharp teeth. [Vine Stalker
                  | growth]
  4980 | D:6      | Reached XP level 8. HP: 36/37 MP: 15/15
  5045 | D:6      | Found a burning altar of Makhleb.
  5196 | D:6      | Reached skill level 6 in Summonings
  5201 | D:6      | Reached skill level 5 in Spellcasting
  5309 | D:6      | Noticed Menkaure
  5330 | D:6      | Killed Menkaure
  5456 | D:6      | Reached XP level 9. HP: 38/41 MP: 18/18
  5472 | D:6      | Reached skill level 1 in Hexes
  5497 | D:6      | Noticed Edmund
  5523 | D:6      | Killed Edmund
  5611 | D:6      | Found a broken altar of Ashenzari.
  5728 | D:6      | Reached skill level 5 in Short Blades
  5738 | D:6      | HP: 2/42 [gnoll sergeant/+0 spear (6)]
  5763 | D:6      | HP: 2/42 [gnoll sergeant/+0 spear (6)]
  5765 | D:6      | Mangled by a gnoll sergeant

Illustrated notes

Levels and vault maps discovered:
D:1:      scummos_arrival_checkerplants, layout_rooms, serial_shops, shop,
          serial_forest, infiniplex_forest_clump_tiny,
          infiniplex_forest_clump_double, infiniplex_forest_clump_diagonal,
          infiniplex_forest_clump_tiny, infiniplex_forest_lined_room_2,
          infiniplex_forest_clump_small,
          dreamdust_ecumenical_altar_hidden_monk_grotto
D:2:      layout_basic, chequers_serial_rivers_room_a
D:3:      layout_loops_cross, cheibriados_altar_1, serial_aquarium,
          aquarium_bridge_square [aquarium_subvault_wall,
          aquarium_subvault_bridge, aquarium_subvault_wall,
          aquarium_subvault_bridge], aquarium_bridge_long_joined
          [aquarium_subvault_window, aquarium_subvault_bridge,
          aquarium_subvault_wall, aquarium_subvault_bridge,
          aquarium_subvault_wall, aquarium_subvault_wall], aquarium_window_1,
          aquarium_window_fake, aquarium_window_corner, aquarium_window_fake,
          aquarium_view_2e, aquarium_view_2c, corexii_item_surrounded_by_moat,
          minmay_unequal
D:4:      layout_cave_pods, lemuel_coloured_pillars_altar,
          minmay_temple_entry_stoned_glass
D:5:      layout_loops_cross, mainiacjoe_overflow_small_starburst,
          marbit_many_paths, minitemple, minmay_fire_ice_demons
D:6:      layout_layer_cave, mainiacjoe_overflow_concentric_impassable,
          general_overflow_altar, old_standard_altar, corexii_leaking_fountain,
          nicolae_grassy_gnolls, uniq_grinder, uniq_menkaure, uniq_edmund
Temple:   minmay_temple_forest_path

Skill      XL: |  1  2  3  4  5  6  7  8  9 |
---------------+----------------------------+-----
Spellcasting   | 3 4 5 |  5.7
Stealth        | 3 4 |  4.4
Short Blades   | 1 2 4 5 |  5.0
Dodging        | 2 3 4 |  4.0
Summonings     | 5 6 |  6.6
Armour         | 1 2 |  2.5
Fighting       | 1 |  1.7
Hexes          | 1 |  1.1
Unarmed Combat | |  0.4

Action                   |  1- 3 |  4- 6 |  7- 9 || total
-------------------------+-------+-------+-------++-------
Melee: Unarmed           |    20 |       |       ||    20
       Bite              |    12 |    26 |    52 ||    90
       Short sword       |    42 |   117 |   153 ||   312
       Punch             |     1 |     2 |     4 ||     7
 Fire: Shortbow          |       |       |     6 ||     6
 Cast: Summon Small Mamm |    14 |     3 |     7 ||    24
       Call Imp          |     6 |     9 |     5 ||    20
       Call Canine Famil |       |     6 |    14 ||    20
       Summon Guardian G |       |     2 |     5 ||     7
  Use: Scroll            |       |       |     1 ||     1
 Stab: Sleeping          |     2 |     2 |     1 ||     5
       Distracted        |     1 |     1 |     2 ||     4
Armor: Robe              |    32 |    16 |       ||    48
       Leather armour    |       |    47 |    79 ||   126
Dodge: Dodged            |    71 |    71 |   105 ||   247

Table legend: (Time is in decaauts)
 A = Elapsed time spent in this place.
 B = Non-inter-level travel time spent in this place.
 C = Inter-level travel time spent in this place.
 D = Time resting spent in this place.
 E = Time spent auto-exploring this place.
 F = Levels seen in this place.
 G = Mean time per level.
                   A        B        C        D        E       F      G
               +--------+--------+--------+--------+--------+-----+--------+
         Total |   5754 |   3926 |   1828 |    246 |   2636 |   7 |  822.0 |
       Dungeon |   5349 |   3676 |   1673 |    246 |   2399 |   6 |  891.5 |
        Temple |    405 |    250 |    155 |      0 |    237 |   1 |  405.0 |
               +--------+--------+--------+--------+--------+-----+--------+

Top non-repeatable levels by time:
     D:2: 1104 daAuts
     D:3: 1037 daAuts
     D:5: 972 daAuts
     D:6: 834 daAuts
     D:4: 806 daAuts
     D:1: 592 daAuts
  Temple: 405 daAuts
